Cogmind - Beta 14 @@@ ROGUE MODE // 2024.10.11 @ 02:48:47 // Winter2019/RPGLIKE Player: Toaster Result: Destroyed by Executioner with Helical Railgun Performance ------------- Evolutions (8) 4000 Regions Visited (14) 2800 Robots Destroyed (272) 1360 Value Destroyed (15046) 15046 Prototype IDs (17) 340 Alien Tech Used (0) 0 Bonus (17850) 17850 TOTAL SCORE: 41396 Bonus ------- Triggered High Security 500 High Alert Combat Kills 7367 Follower Combat Kills 3789 Registered with UFD 300 Met Warlord at Base 500 MAIN.C Attacked Warlord 500 Warlord Defense Kills 2090 Built Enhanced Grunts 300 Met R17 at Cetus 500 Met R17 at Research 2000 Scanned by Researcher 500 Friendly Fire -496 Cogmind --------- Core Integrity 0/2300 Matter 450/450 Energy 630/630 System Corruption 16% Temperature Cool (0) Movement Walking (120) Location -2/Research Parts ------- > --- POWER (3) -------- Improved Deuterium Engine Light Quantum Reactor Improved Quantum Reactor > --- PROPULSION (5) --- Flexi-carbon Leg Flexi-carbon Leg Myomer Leg Myomer Leg Myomer Leg > --- UTILITY (7) ------ Improved Weapon Cycler Centrium Medium Armor Plating Centrium Medium Armor Plating Graphene Brace Advanced Hardlight Generator Long-range Tractor Beam > --- WEAPON (5) ------- Vortex Rifle Enhanced Nova Cannon Heavy Mass Driver (fused) Heavy Gauss Cannon > --- INVENTORY (3) ---- Centrium Medium Armor Plating Peak State ------------ > --- POWER ------------ Improved Deuterium Engine Light Quantum Reactor Improved Quantum Reactor > --- PROPULSION ------- Flexi-carbon Leg Flexi-carbon Leg Myomer Leg Myomer Leg Myomer Leg > --- UTILITY ---------- Improved Weapon Cycler Centrium Medium Armor Plating Centrium Medium Armor Plating Graphene Brace Advanced Hardlight Generator Long-range Tractor Beam > --- WEAPON ----------- Vortex Rifle Enhanced Nova Cannon Heavy Mass Driver Heavy Gauss Cannon > --- INVENTORY -------- Centrium Medium Armor Plating [Rating: 134] Favorites ----------- Power Improved Deuterium Engine Engine Improved Deuterium Engine Power Core Light Fission Core Reactor Improved Quantum Reactor Propulsion Myomer Leg Leg Myomer Leg Utility Cryofiber Web Device Cryofiber Web Protection Makeshift Ablative Armor Weapon Enhanced Gauss Cannon Energy Gun EM Pulse Gun Energy Cannon Long-range Proton Cannon Ballistic Gun Barrage Gun Ballistic Cannon Enhanced Gauss Cannon Launcher Mini Grenade Launcher Special Weapon Mining Laser Build | -11 -10 -10 -7 -7 -5 -5 -5 -5 -4 -4 -4 -4 -3 -2 ------- Run | Yrd Mat Sub Rec Scr Fac Upp Upp War Pro Fac Ext Cet Res Res Slots Evolved 16 | 2 1 2 2 1 5 1 . . . 1 . . 1 . Power 2 | . . . . 1 . . . . . . . . 1 . Propulsion 4 | 1 . . 1 . 1 . . . . 1 . . . . Utility 6 | . 1 1 1 . 2 1 . . . . . . . . Weapon 4 | 1 . 1 . . 2 . . . . . . . . . Parts Attached 94 | 5 4 17 10 7 12 2 . 9 2 6 7 2 2 9 Power 11 | 1 . 1 2 3 . . . 1 . . . . . 3 Engine 6 | 1 . 1 2 2 . . . . . . . . . . Core 1 | . . . . 1 . . . . . . . . . . Reactor 4 | . . . . . . . . 1 . . . . . 3 Propulsion 14 | 2 . 3 2 1 2 . . 2 1 1 . . . . Treads . | . . . . . . . . . . . . . . . Leg 14 | 2 . 3 2 1 2 . . 2 1 1 . . . . Wheel . | . . . . . . . . . . . . . . . Hover . | . . . . . . . . . . . . . . . Flight . | . . . . . . . . . . . . . . . Utility 29 | . 3 5 5 1 3 2 . 1 1 1 3 2 . 2 Device 16 | . 3 2 3 1 2 1 . . 1 1 2 . . . Storage . | . . . . . . . . . . . . . . . Processor . | . . . . . . . . . . . . . . . Hackware . | . . . . . . . . . . . . . . . Protection 13 | . . 3 2 . 1 1 . 1 . . 1 2 . 2 Artifact . | . . . . . . . . . . . . . . . Weapon 40 | 2 1 8 1 2 7 . . 5 . 4 4 . 2 4 Energy Gun 11 | 1 . 3 . . . . . 2 . 1 2 . . 2 Energy Cannon 9 | . . . . 1 2 . . 2 . . . . 2 2 Ballistic Gun 4 | 1 . 3 . . . . . . . . . . . . Ballistic Cannon 13 | . 1 1 1 1 4 . . . . 3 2 . . . Launcher 1 | . . . . . 1 . . . . . . . . . Special Weapon 2 | . . 1 . . . . . 1 . . . . . . Impact Weapon . | . . . . . . . . . . . . . . . Slashing Weapon . | . . . . . . . . . . . . . . . Piercing Weapon . | . . . . . . . . . . . . . . . Special Melee Weapon . | . . . . . . . . . . . . . . . Unidentified Prototypes 6 | . . . . . . 1 . 4 . . . 1 . . Parts Lost 4 | . . . . . . . . . . . 1 . . 3 Power 1 | . . . . . . . . . . . . . . 1 Propulsion . | . . . . . . . . . . . . . . . Utility 2 | . . . . . . . . . . . 1 . . 1 Weapon 1 | . . . . . . . . . . . . . . 1 Highest Loss Streak 2 | . . . . . . . . . . . 1 . . 2 To Critical Strikes . | . . . . . . . . . . . . . . . Average Slot Usage (%) 89 | . 99 90 87 90 89 87 88 87 87 85 90 93 91 88 Engine 9 | . 14 12 8 14 14 11 11 10 5 5 5 5 5 5 Reactor 1 | . . . . . . . . . 5 5 5 5 5 4 Leg 24 | . 30 24 25 25 24 22 22 22 21 21 26 26 25 25 Device 20 | . 21 11 16 21 20 25 27 24 21 21 23 24 20 20 Protection 8 | . . 7 11 3 5 5 5 8 11 10 8 11 15 13 Energy Gun 2 | . 14 5 . . . . . . . 3 . . . 1 Energy Cannon 3 | . . . . 7 7 5 5 4 5 1 . . 9 8 Ballistic Gun 4 | . 8 15 16 1 . . . . . . . . . . Ballistic Cannon 13 | . 6 12 8 15 15 16 16 16 16 15 20 21 10 10 Peak Build Rating 134 | 5 9 28 40 49 81 87 87 106 109 119 119 128 132 134 Average Rating 70 | 4 7 16 38 46 56 85 87 90 107 112 114 119 131 130 On Entrance 73 | . 5 9 28 39 49 81 87 87 106 109 119 116 128 132 Naked Turns . | . . . . . . . . . . . . . . . Heaviest Build 122 | 8 12 34 38 56 82 82 82 99 108 112 112 112 118 122 Greatest Support 130 | 25 25 45 52 57 87 87 87 105 110 130 130 130 130 130 Greatest Overweight (x) 2 | . . 2 . 1 1 . . 1 1 1 . . . . Average Overweight (x) . | . . . . . . . . . . . . . . . Largest Inventory Capacity 3 | 1 1 2 2 2 2 2 2 3 3 3 3 3 3 3 Average Capacity 2 | 1 1 1 2 2 2 2 2 2 3 3 3 3 3 3 Most Carried 3 | 1 1 2 2 2 2 2 2 3 3 3 3 3 3 3 Average Carried 2 | . . 1 2 1 . . 1 2 3 3 3 2 3 2 Final Capacity 3 | 1 1 2 2 2 2 2 2 3 3 3 3 3 3 3 Final Carried 3 | . 1 2 2 2 1 1 2 3 3 3 3 3 3 1 Class Distribution -------------------- 25% | Commander-Gunner 25% | Scavenger-Tank 24% | Scavenger-Gunner 10% | Mutant 8% | Derelict-Gunner 4% | Commander-Tank Dominant Class ---------------- Mutant | -10/Materials Derelict-Gunner | -10/Subcaves Commander-Gunner | -7/Recycling Commander-Gunner | -7/Scraptown Commander-Gunner | -5/Factory Scavenger-Gunner | -5/Upper Caves Scavenger-Gunner | -5/Upper Caves Scavenger-Gunner | -5/Warlord Scavenger-Gunner | -4/Proximity Caves Scavenger-Tank | -4/Factory Scavenger-Tank | -4/Extension Scavenger-Tank | -4/Cetus Commander-Tank | -3/Research Scavenger-Tank | -2/Research Resources | -11 -10 -10 -7 -7 -5 -5 -5 -5 -4 -4 -4 -4 -3 -2 ----------- Run | Yrd Mat Sub Rec Scr Fac Upp Upp War Pro Fac Ext Cet Res Res Matter Collected 10875 | 250 123 816 444 405 1002 409 116 594 224 1424 2115 288 632 2033 Remotely 10354 | . 123 550 444 405 1002 409 116 594 224 1424 2115 288 632 2028 Salvage Created 10014 | . 592 604 703 . 309 123 36 569 148 1400 1242 22 719 3547 Parts 508 | . 42 68 23 . 11 12 1 21 12 72 53 4 35 154 Haulers Intercepted 3 | . 2 . . . . . . . . . . . . 1 Recyclers Shooed 6 | . 1 . 2 . . . . . . . . . . 3 Parts Field Recycled . | . . . . . . . . . . . . . . . Retrieved Matter . | . . . . . . . . . . . . . . . Parts Self-Destructed 51 | . . 13 . . . 23 1 . 14 . . . . . Prevented 5 | . . 2 . . . 2 . . 1 . . . . . Kills | -11 -10 -10 -7 -7 -5 -5 -5 -5 -4 -4 -4 -4 -3 -2 ------- Run | Yrd Mat Sub Rec Scr Fac Upp Upp War Pro Fac Ext Cet Res Res Combat Hostiles Destroyed 230 | . 14 19 5 . 7 11 2 15 6 30 34 4 16 67 Guns 29 | . 9 12 4 . . . . . . . . . . 4 Cannons 183 | . 1 7 1 . 6 10 2 13 6 30 34 4 14 55 AOE 9 | . 3 . . . 1 1 . 2 . . . . . 2 Classes Destroyed 27 | . 6 4 1 . 2 1 . 2 1 2 4 . 1 3 Worker 6 | . . . . . . . . . . 2 . . 1 3 Builder 10 | . 1 . . . . . . . . 4 1 . 1 3 Hauler 3 | . 2 . . . . . . . . . . . . 1 Recycler 8 | . 1 . 3 . . . . . . 3 . . . 1 Minesweeper 2 | . . . . . . . . . 2 . . . . . Mechanic 1 | . . . . . . . . . . . . . . 1 Operator 3 | . . . . . . . . . . 2 . . 1 . Turret 2 | . . 2 . . . . . . . . . . . . Watcher 12 | . 3 . . . . . . . . 3 3 1 . 2 Swarmer 23 | . 3 2 . . . 6 . . 4 2 2 . 1 3 Saboteur 2 | . . . . . . . . . . . 1 . . 1 Grunt 75 | . 11 1 . . 5 2 . 2 2 14 7 . 4 27 Brawler 13 | . . . . . . 1 . 3 . . 4 . . 5 Duelist 10 | . . . . . 1 . . 2 . 1 2 . 1 3 Protector 7 | . . . . . . . . 2 . . 1 . . 4 Sentry 12 | . . 1 3 . . . . . . . 7 . 1 . Demolisher 6 | . . . . . . . . . . . 4 . 2 . Specialist 2 | . . . . . . . . . . . 1 . 1 . Hunter 16 | . . . . . 1 2 . . . 2 1 . 3 7 Programmer 38 | . . . 2 . 1 . 2 4 . 11 2 . 2 14 Heavy 1 | . . . . . . . . . . . . . . 1 Behemoth 2 | . . . . . . . . . . . 2 . . . Cetus Guard 4 | . . . . . . . . . . . . 4 . . Investigator 1 | . . . . . . . . . . . . . . 1 Striker 2 | . . . . . . . . . . . . . 1 1 Executioner 3 | . . . . . . . . 2 . . . . . 1 Artisan 3 | . . 3 . . . . . . . . . . . . Subdweller 15 | . . 15 . . . . . . . . . . . . Best Kill Streak 39 | . 3 4 3 . 3 3 2 15 4 8 11 3 5 39 Combat Bots Only 25 | . 3 2 2 . 3 3 2 15 4 5 11 2 5 25 Max Kills in Single Turn 3 | . 3 1 1 . 1 1 1 2 1 3 2 1 1 3 Gunslinging . | . . . . . . . . . . . . . . . Exploded 3 | . 3 . . . 1 1 . 1 . . . . . 1 Melee . | . . . . . . . . . . . . . . . Uniques/NPCs Destroyed . | . . . . . . . . . . . . . . . Combat | -11 -10 -10 -7 -7 -5 -5 -5 -5 -4 -4 -4 -4 -3 -2 -------- Run | Yrd Mat Sub Rec Scr Fac Upp Upp War Pro Fac Ext Cet Res Res Hostile Shots Fired 1144 | . 63 121 59 . 14 38 13 32 21 154 95 20 23 491 Missed 388 | . 21 39 10 . 4 12 8 7 10 61 33 7 3 173 Damage Taken 11256 | . 485 1488 355 . 316 342 53 421 85 1131 1321 275 655 4329 Core 7495 | . 380 1101 242 . 207 190 33 262 50 636 913 188 428 2865 Absorbed by Shields 4359 | . . . 60 . 108 133 50 229 79 657 501 120 80 2342 Redirected to Core 6804 | . 342 914 217 . 186 164 33 211 50 631 855 188 393 2620 Ignored by Resistances 887 | . . . . . . . . . . . . . 41 846 Core Remaining (%) 90 | 100 . . . 63 . . . . 89 . . 100 100 . Volleys Fired 560 | . 59 105 40 . 16 20 7 21 15 63 70 12 24 108 Largest 4 | . 2 3 3 . 4 4 4 4 4 4 4 4 4 4 Hottest 369 | . 75 123 101 . 266 266 266 266 266 270 250 250 362 369 Shots Fired 1605 | . 118 203 75 . 49 59 16 84 24 169 255 48 91 414 Gun 302 | . 110 115 35 . . . . . . . 6 . . 36 Cannon 1298 | . 8 83 40 . 49 59 16 84 24 169 249 48 91 378 Launcher . | . . . . . . . . . . . . . . . Special 5 | . . 5 . . . . . . . . . . . . Kinetic 1190 | . 59 155 75 . 36 46 13 63 21 157 249 48 54 214 Thermal 226 | . . 25 . . . . . . . . . . 37 164 Explosive . | . . . . . . . . . . . . . . . Electromagnetic 147 | . 59 23 . . 13 13 3 21 3 12 . . . . Entropic 42 | . . . . . . . . . . . 6 . . 36 Robot Hit Streak 50 | . 15 23 24 . 10 13 5 7 8 22 50 21 43 41 Robot Miss Streak 4 | . 3 2 2 . 4 2 1 3 2 4 4 1 1 2 Penetration Max 1 | . . . . . . . . 1 . 1 1 1 . 1 Secondary Targets 2 | . 2 . . . . . . . . . . . . . Max Gunslinging Chain 1 | . 1 . . . . . . . . . . . . . Shots Hit Robots 1108 | . 92 119 59 . 29 35 13 50 17 111 190 35 61 297 Core Hits 445 | . 31 42 25 . 11 14 1 28 8 49 69 15 25 127 Critical Kills 11 | . 1 1 . . . . . . . . . . 3 6 Critical Parts Destroyed 2 | . . . . . . . . . . . . . . 2 Critical Strikes 137 | . 2 6 . . 1 5 1 8 3 22 41 6 8 34 Meltdown 9 | . . . . . . . . . . . . . 3 6 Destroy 5 | . 1 4 . . . . . . . . . . . . Blast 119 | . . 1 . . 1 5 1 8 3 22 41 6 5 26 Corrupt 2 | . 1 1 . . . . . . . . . . . . Detonate 2 | . . . . . . . . . . . . . . 2 Melee Attacks . | . . . . . . . . . . . . . . . Impact . | . . . . . . . . . . . . . . . Slashing . | . . . . . . . . . . . . . . . Piercing . | . . . . . . . . . . . . . . . Sneak Attacks . | . . . . . . . . . . . . . . . Combat Hostiles . | . . . . . . . . . . . . . . . Follow-up Attacks . | . . . . . . . . . . . . . . . Damage Inflicted 47324 | . 1527 1832 1365 . 1186 1512 610 2506 816 6369 9024 1594 2782 16201 Guns 4732 | . 1022 1226 499 . . . . . . . 223 . . 1762 Cannons 41113 | . 112 606 838 . 1133 1414 610 2198 816 6350 8709 1594 2659 14074 Explosions 1097 | . 393 . . . 48 98 . 308 . . . . . 250 Melee . | . . . . . . . . . . . . . . . Ramming 382 | . . . 28 . 5 . . . . 19 92 . 123 115 Kinetic 34395 | . 409 1404 1337 . 865 1221 603 1885 708 5955 8709 1594 1495 8210 Thermal 8025 | . 57 236 . . 48 98 . 308 . . . . 1164 6114 Explosive 336 | . 336 . . . . . . . . . . . . . Electromagnetic 2201 | . 725 192 . . 268 193 7 313 108 395 . . . . Impact . | . . . . . . . . . . . . . . . Slashing . | . . . . . . . . . . . . . . . Piercing . | . . . . . . . . . . . . . . . Entropic 1985 | . . . . . . . . . . . 223 . . 1762 Highest Corruption 15 | . 1 1 1 . . . . . . 2 2 . 5 15 Average Corruption 1 | . 1 1 1 . . . . . . 1 1 . 2 6 Corruption Purged 2 | . . . . . . . . . . . 2 . . . Corruption Blocked . | . . . . . . . . . . . . . . . Effects 96 | . 4 25 20 . . . . . . 5 12 . 22 8 Message Errors 18 | . . 4 3 . . . . . . . 4 . 4 3 Matter Fused 19 | . . 6 1 . . . . . . 3 3 . 4 2 Heat Flow Errors 11 | . . 2 4 . . . . . . . 1 . 4 . Energy Discharges 12 | . 2 2 3 . . . . . . . 1 . 3 1 Parts Fused 2 | . . . 1 . . . . . . 1 . . . . Data Loss (minor) 18 | . 2 7 4 . . . . . . 1 1 . 3 . Data Loss (major) 4 | . . . 3 . . . . . . . . . 1 . Misfires 4 | . . 2 1 . . . . . . . . . 1 . Alerts 4 | . . 2 . . . . . . . . 1 . 1 . Weapon Failures 4 | . . . . . . . . . . . 1 . 1 2 Overload Shots . | . . . . . . . . . . . . . . . Overflow Damage 2338 | . 97 . 61 . 86 61 209 98 27 646 332 4 123 594 Projectiles 2128 | . . . 61 . 86 61 209 86 27 646 326 4 84 538 Explosions 145 | . 97 . . . . . . 12 . . . . . 36 Melee 65 | . . . . . . . . . . . 6 . 39 20 Knockbacks 147 | . . 7 4 . 3 3 7 5 . 37 22 3 6 50 Impact 6 | . . . . . . . . . . 1 1 . 2 2 Kinetic 132 | . . 7 4 . 3 3 6 5 . 36 21 3 4 40 Secondary 9 | . . . . . . . 1 . . . . . . 8 Self-Inflicted Damage 77 | . . . . . . . . . . . . . . 77 Shots 1 | . . . . . . . . . . . . . . 1 Rammed . | . . . . . . . . . . . . . . . Targets Rammed 21 | . . . 4 . 2 . . . . 1 3 . 5 6 Kicked 21 | . . . 4 . 2 . . . . 1 3 . 5 6 Crushed . | . . . . . . . . . . . . . . . Highest Temperature 359 | . 146 215 178 . 359 338 . . . . 18 4 200 199 Average Temperature 68 | . 46 43 56 . 123 133 . . . . 10 4 73 59 Received Heat Transfer 1398 | . 264 354 78 . 21 55 . 12 . 153 103 4 4 350 Effects 2 | . . . . . . 1 . . . . . . 1 . Energy Bleed 2 | . . . . . . 1 . . . . . . 1 . Siege Activations . | . . . . . . . . . . . . . . . Robots Corrupted 4 | . 1 . . . . . . . . . 1 . 1 1 Combat Hostiles 1 | . 1 . . . . . . . . . . . . . Parts Fried 5 | . 1 . . . . . . . 1 . 1 . 1 1 Impact Corruptions 6 | . . . . . . . . . . . 2 . 2 2 Robots Melted 9 | . . . . . . . . . . . . . 3 6 Combat Hostiles 8 | . . . . . . . . . . . . . 2 6 Parts Melted 18 | . . 1 . . . . . . . . . . 3 14 Heat Transferred 6631 | . 50 275 . . 50 50 . 200 . . . . 1073 4933 Parts Sabotaged 5 | . . . . . . . . . . . . . . 5 Parts Stolen . | . . . . . . . . . . . . . . . Parts Stripped . | . . . . . . . . . . . . . . . Power Chain Reactions 5 | . 1 . . . 1 1 . 2 . . . . . . Alert | -11 -10 -10 -7 -7 -5 -5 -5 -5 -4 -4 -4 -4 -3 -2 ------- Run | Yrd Mat Sub Rec Scr Fac Upp Upp War Pro Fac Ext Cet Res Res Peak Influence 3481 | . 313 . 103 . 1508 . . . . 639 1773 1308 1927 3481 Initial 1083 | . . . . . . . . . . . 312 945 784 1083 Average 656 | . 193 . 25 . 853 . . . . 259 794 1188 1352 2214 Maximum Alert Level 5 | . 1 . . . 4 . . . . 2 5 4 5 5 Low Security (%) 38 | 100 49 . 100 . 3 . . . . 56 . . . . Level 1 9 | . 50 . . . 5 . . . . 12 4 . . . Level 2 12 | . . . . . 31 . . . . 30 31 . . . Level 3 14 | . . . . . 28 . . . . . 58 11 17 2 Level 4 16 | . . . . . 30 . . . . . 1 88 68 24 Level 5 4 | . . . . . . . . . . . 4 . 13 19 High Security 4 | . . . . . . . . . . . . . . 53 Max Security . | . . . . . . . . . . . . . . . Squads Dispatched 52 | . 5 . . . 12 . . . . 6 7 . 5 17 Investigation 9 | . 3 . . . 2 . . . . . . . 4 . Extermination 7 | . . . . . 2 . . . . 5 . . . . Reinforcement 12 | . 2 . . . 5 . . . . 1 2 . 1 1 Assault 24 | . . . . . 3 . . . . . 5 . . 16 Garrison . | . . . . . . . . . . . . . . . Intercept . | . . . . . . . . . . . . . . . Searches Triggered . | . . . . . . . . . . . . . . . Construction Impeded 6 | . . . . . 3 . . . . 1 1 . 1 . Haulers Reinforced 1 | . . . . . 1 . . . . . . . . . Active Scanning Responses . | . . . . . . . . . . . . . . . Cargo Convoy Interrupts . | . . . . . . . . . . . . . . . Stealth | -11 -10 -10 -7 -7 -5 -5 -5 -5 -4 -4 -4 -4 -3 -2 --------- Run | Yrd Mat Sub Rec Scr Fac Upp Upp War Pro Fac Ext Cet Res Res Distress Signals 13 | . . . . . 1 . . . . 1 3 2 4 2 Communications Jammed . | . . . . . . . . . . . . . . . Distress Signals . | . . . . . . . . . . . . . . . Times Spotted 381 | . 22 24 7 . 25 12 2 31 7 39 60 10 27 115 Peak Tracking Total 15 | . 3 3 2 . 9 4 2 12 4 4 13 5 6 15 Tactical Retreats 15 | . 1 2 . . . . . 2 . 2 4 . . 4 Traps | -11 -10 -10 -7 -7 -5 -5 -5 -5 -4 -4 -4 -4 -3 -2 ------- Run | Yrd Mat Sub Rec Scr Fac Upp Upp War Pro Fac Ext Cet Res Res Traps Triggered 6 | . 2 1 . . . . . . . 1 1 . 1 . Indirectly . | . . . . . . . . . . . . . . . Trap Hack Attempts . | . . . . . . . . . . . . . . . Triggered . | . . . . . . . . . . . . . . . Disarmed . | . . . . . . . . . . . . . . . Reprogrammed . | . . . . . . . . . . . . . . . Reused . | . . . . . . . . . . . . . . . Traps Extracted . | . . . . . . . . . . . . . . . Installed . | . . . . . . . . . . . . . . . Triggered 17 | . 1 . . . . 1 . 15 . . . . . . Machines | -11 -10 -10 -7 -7 -5 -5 -5 -5 -4 -4 -4 -4 -3 -2 ---------- Run | Yrd Mat Sub Rec Scr Fac Upp Upp War Pro Fac Ext Cet Res Res Machines Disabled 30 | . 1 4 . . 15 . . . . 5 1 . 3 1 Max in Single Turn 1 | . 1 1 . . 1 . . . . 1 . . . 1 Machines Repaired . | . . . . . . . . . . . . . . . Machines Dismantled . | . . . . . . . . . . . . . . . Machines Sabotaged . | . . . . . . . . . . . . . . . Overloaded Fab Kills . | . . . . . . . . . . . . . . . Hacking | -11 -10 -10 -7 -7 -5 -5 -5 -5 -4 -4 -4 -4 -3 -2 --------- Run | Yrd Mat Sub Rec Scr Fac Upp Upp War Pro Fac Ext Cet Res Res Machines Accessed 41 | . 5 3 9 . 2 . 2 9 1 3 4 . 2 1 Terminals 18 | . 4 . 4 . . . 1 . 1 3 4 . 1 . Fabricators . | . . . . . . . . . . . . . . . Repair Stations . | . . . . . . . . . . . . . . . Recycling Units 10 | . 1 . 5 . 2 . . . . . . . 1 1 Scanalyzers . | . . . . . . . . . . . . . . . Garrison Access . | . . . . . . . . . . . . . . . Total Hacks 70 | . 8 4 19 . 2 . 2 16 2 4 8 . 3 2 Successful 50 | . 6 4 13 . 2 . 2 16 2 . 3 . 2 . Failed 20 | . 2 . 6 . . . . . . 4 5 . 1 2 Catastrophic 2 | . . . . . . . . . . 1 1 . . . Database Lockouts . | . . . . . . . . . . . . . . . Manual 29 | . 7 . 10 . 2 . . . . 4 . 1 3 2 Terminals 28 | . 6 . 6 . . . 1 . 2 4 8 . 1 . Fabricators . | . . . . . . . . . . . . . . . Repair Stations . | . . . . . . . . . . . . . . . Recycling Units 21 | . 2 . 13 . 2 . . . . . . . 2 2 Scanalyzers . | . . . . . . . . . . . . . . . Garrison Access . | . . . . . . . . . . . . . . . Terminal Hacks 27 | . . 4 . . . . 2 16 2 . 3 . . . Record 20 | . . 2 . . . . 1 15 2 . . . . . Open Door 6 | . . 1 . . . . 1 1 . . 3 . . . Derelict Proto ID Bank 1 | . . 1 . . . . . . . . . . . . Fabricator Hacks . | . . . . . . . . . . . . . . . Repair Station Hacks . | . . . . . . . . . . . . . . . Recycling Unit Hacks 8 | . 1 . 7 . . . . . . . . . . . Report Inventory 6 | . 1 . 5 . . . . . . . . . . . Retrieve Components 2 | . . . 2 . . . . . . . . . . . Scanalyzer . | . . . . . . . . . . . . . . . Garrison Access Hacks . | . . . . . . . . . . . . . . . Unauthorized Hacks 15 | . 5 . 6 . 2 . . . . . . . 2 . Terminals 8 | . 4 . 3 . . . . . . . . . 1 . Botnet 8 | . 4 . 3 . . . . . . . . . 1 . Fabricators . | . . . . . . . . . . . . . . . Repair Stations 3 | . . . . . 2 . . . . . . . 1 . Recycling Units 4 | . 1 . 3 . . . . . . . . . . . Tunnel 4 | . 1 . 3 . . . . . . . . . . . Fedlink 1 | . . . . . 1 . . . . . . . . . Scrapoids 2 | . . . . . 1 . . . . . . . 1 . Scanalyzers . | . . . . . . . . . . . . . . . Garrison Access . | . . . . . . . . . . . . . . . Data Cores Recovered 4 | . . . . . . . . . . 2 . . 2 . Used 1 | . . . . . . . . . . . . . 1 . Hacking Detections 13 | . 1 . 4 . . . . . . 3 3 . 1 1 Full Trace Events 2 | . . . 2 . . . . . . . . . . . Feedback Events . | . . . . . . . . . . . . . . . Feedback Blocked . | . . . . . . . . . . . . . . . Robot Schematics Acquired . | . . . . . . . . . . . . . . . Robots Built . | . . . . . . . . . . . . . . . Authchips . | . . . . . . . . . . . . . . . Time . | . . . . . . . . . . . . . . . Total Robot Build Rating . | . . . . . . . . . . . . . . . Part Schematics Acquired . | . . . . . . . . . . . . . . . Parts Built . | . . . . . . . . . . . . . . . Authchips . | . . . . . . . . . . . . . . . Time . | . . . . . . . . . . . . . . . Total Part Build Rating . | . . . . . . . . . . . . . . . Parts Repaired . | . . . . . . . . . . . . . . . Time . | . . . . . . . . . . . . . . . Parts Recycled . | . . . . . . . . . . . . . . . Recycled Matter . | . . . . . . . . . . . . . . . Retrieved Matter . | . . . . . . . . . . . . . . . Retrieved Components 5 | . . . 5 . . . . . . . . . . . Parts Scanalyzed . | . . . . . . . . . . . . . . . Part Schematics Acquired . | . . . . . . . . . . . . . . . Parts Damaged . | . . . . . . . . . . . . . . . Bothacking | -11 -10 -10 -7 -7 -5 -5 -5 -5 -4 -4 -4 -4 -3 -2 ------------ Run | Yrd Mat Sub Rec Scr Fac Upp Upp War Pro Fac Ext Cet Res Res Used RIF Installer . | . . . . . . . . . . . . . . . Robots Hacked . | . . . . . . . . . . . . . . . Non-combat . | . . . . . . . . . . . . . . . Combat . | . . . . . . . . . . . . . . . Robot Hacks Applied . | . . . . . . . . . . . . . . . Relay Couplers Released 2 | . . . . . . . . . . 2 . . . . Programmers 2 | . . . . . . . . . . 2 . . . . Fabnet Peak Effective % . | . . . . . . . . . . . . . . . Robots Rewired 31 | . . . 21 . . . . . . . 10 . . . Allies Hacked . | . . . . . . . . . . . . . . . Hacks Repelled . | . . . . . . . . . . . . . . . Allies | -11 -10 -10 -7 -7 -5 -5 -5 -5 -4 -4 -4 -4 -3 -2 -------- Run | Yrd Mat Sub Rec Scr Fac Upp Upp War Pro Fac Ext Cet Res Res Total Allies 55 | . . . 21 . 10 . . . . . 14 5 5 . Largest Group 26 | . . . 21 21 26 3 1 1 1 1 11 12 15 8 Highest-Rated Group 970 | . . . 503 503 872 113 40 40 40 40 539 808 970 602 Highest-Rated Ally 159 | . . . 40 40 47 41 40 40 40 40 159 124 96 96 Total Orders 9 | . . . 9 . . . . . . . . . . . STAY 3 | . . . 3 . . . . . . . . . . . FOLLOW 6 | . . . 6 . . . . . . . . . . . Ally Attacks 519 | . . . 4 . 208 6 . . . . 63 30 160 48 Total Damage 14809 | . . . 83 . 5661 211 . . . . 2239 687 4165 1763 Kills 103 | . . . 2 . 44 2 . . . . 19 6 22 8 Allies Corrupted 4 | . . . . . 2 . . . . . . . . 2 Allies Melted 1 | . . . . . . . . 1 . . . . . . Intel | -11 -10 -10 -7 -7 -5 -5 -5 -5 -4 -4 -4 -4 -3 -2 ------- Run | Yrd Mat Sub Rec Scr Fac Upp Upp War Pro Fac Ext Cet Res Res Robot Analysis Total . | . . . . . . . . . . . . . . . Derelict Logs Recovered 7 | . . 3 . 1 . . 1 . 2 . . . . . Drone Launches . | . . . . . . . . . . . . . . . Drone Recoveries . | . . . . . . . . . . . . . . . Exploration | -11 -10 -10 -7 -7 -5 -5 -5 -5 -4 -4 -4 -4 -3 -2 ------------- Run | Yrd Mat Sub Rec Scr Fac Upp Upp War Pro Fac Ext Cet Res Res Turns Passed 20320 | 74 1313 2915 2407 2419 1016 1250 868 1220 1276 1516 1611 284 1329 822 Spaces Moved 13541 | 63 830 1950 1456 1817 626 909 639 857 1024 1002 923 159 939 347 Core 13 | 12 . 1 . . . . . . . . . . . . Treads . | . . . . . . . . . . . . . . . Legs 13528 | 51 830 1949 1456 1817 626 909 639 857 1024 1002 923 159 939 347 Wheels . | . . . . . . . . . . . . . . . Hover . | . . . . . . . . . . . . . . . Flight . | . . . . . . . . . . . . . . . Fastest Speed 50 | 50 120 120 115 116 127 127 127 120 120 120 120 120 120 120 Average Speed 123 | 106 120 126 116 127 130 127 127 126 120 120 120 120 120 120 Slowest Speed 200 | 120 120 150 130 200 200 127 127 193 190 190 120 120 120 120 Overloaded Moves . | . . . . . . . . . . . . . . . Propulsion Burnouts . | . . . . . . . . . . . . . . . Robots Hopped . | . . . . . . . . . . . . . . . Cave-ins Triggered . | . . . . . . . . . . . . . . . Exploration Rate (%) 63 | 4 97 92 99 83 13 88 76 84 97 23 96 59 29 11 Regions Visited 14 Branch Regions 9 Pre-discovered Areas 7 | . 1 1 3 . . . . . 2 . . . . . Known Exits Taken 1 | . . . . . . . . . 1 . . . . . Unknown Exits Taken 13 | 1 1 1 1 1 1 1 1 1 . 1 1 1 1 . Scrap Searched 17 | . . 3 . 5 . 2 2 . 5 . . . . . Spaces Dug 4 | . . 1 . . 3 . . . . . . . . . Terrain Destroyed 350 | . 28 1 . . 18 27 3 21 10 41 52 5 21 123 Melee . | . . . . . . . . . . . . . . . Projectile 282 | . . 1 . . 13 20 3 20 10 41 52 5 21 96 AOE 68 | . 28 . . . 5 7 . 1 . . . . . 27 Terrain Rammed . | . . . . . . . . . . . . . . . Walls Destroyed . | . . . . . . . . . . . . . . . Machines Disabled . | . . . . . . . . . . . . . . . Actions | -11 -10 -10 -7 -7 -5 -5 -5 -5 -4 -4 -4 -4 -3 -2 --------- Run | Yrd Mat Sub Rec Scr Fac Upp Upp War Pro Fac Ext Cet Res Res Total 16023 | 68 1039 2212 2109 1926 791 969 685 945 1051 1155 1244 226 1088 515 Wait 964 | . 117 76 286 95 78 18 38 44 4 32 62 30 77 7 Move 13527 | 62 829 1949 1455 1816 625 908 638 856 1023 1001 922 158 938 347 Hop . | . . . . . . . . . . . . . . . Pick Up 19 | 1 3 5 . 2 2 2 1 2 . . . 1 . . Fast Attach 63 | 4 1 13 8 5 6 1 . 6 2 4 2 2 2 7 Attach 13 | 1 2 1 . 1 4 1 . 1 . . . . . 2 Detach 9 | . . 1 1 1 3 . . 2 . . . 1 . . Swap 18 | . 1 3 2 1 2 . . 2 . 2 5 . . . Drop 52 | . 2 16 8 5 3 2 . 6 2 3 . 2 2 1 Fire 560 | . 59 105 40 . 16 20 7 21 15 63 70 12 24 108 Melee . | . . . . . . . . . . . . . . . Ram . | . . . . . . . . . . . . . . . Kick 21 | . . . 4 . 2 . . . . 1 3 . 5 6 Crush . | . . . . . . . . . . . . . . . Escape Stasis 6 | . . . . . . . . . . . 1 . . 5 Rewire 402 | . . . 290 . . . 1 . . . 111 . . . Trap . | . . . . . . . . . . . . . . . Miscellaneous 369 | . 25 43 15 . 50 17 . 5 5 49 68 20 40 32 Route ------- -11/Scrapyard -10/Materials (discovered 5 exits: [*Mat x3] / [*Min] / *Sub) -10/Subcaves (discovered 3 exits: [*Mat x2] / *Rec) -7/Recycling (discovered 2 exits: *Fac / [*Scr]) -7/Scraptown (discovered 2 exits: *Fac x2) -5/Factory (discovered 2 exits: *Fac / [*Upp]) -5/Upper Caves -5/Upper Caves (discovered 2 exits: Fac / *War) -5/Warlord -4/Proximity Caves -4/Factory -4/Extension (discovered 2 exits: *Res / *Cet) -4/Cetus (discovered 2 exits: *Res / [*Arc]) -3/Research -2/Research History --------- Turn | Location | Event 1 | -11/Scrapyard | Upgraded with Propulsion slot (x1) 1 | -11/Scrapyard | Upgraded with Weapon slot (x1) 14 | -11/Scrapyard | Discovered new exit (range 13) 75 | -11/Scrapyard | Entered Materials 216 | -10/Materials | Discovered new exit (range 3) 315 | -10/Materials | Build established: Mutant 483 | -10/Materials | Discovered new exit (range 15) 545 | -10/Materials | Discovered new exit (range 15) 630 | -10/Materials | Reached level 2 690 | -10/Materials | Upgraded with Utility slot (x1) 999 | -10/Materials | Discovered new exit (range 9) 1199 | -10/Materials | Discovered new exit (range 9) 1388 | -10/Materials | Entered Subcaves 1390 | -10/Subcaves | Reached level 3 1397 | -10/Subcaves | Learned Materials terminal intel 1460 | -10/Subcaves | Ambushed by Subdweller buried in earth 1506 | -10/Subcaves | Learned location of Zion (-6) 1671 | -10/Subcaves | Shifting Twisted Machinery released Flamer 1673 | -10/Subcaves | Shifting Twisted Machinery released Mak. Light Armor Plating 1804 | -10/Subcaves | Visited Clippyterm 1856 | -10/Subcaves | Shifting Twisted Machinery released Enh. Flamer 1916 | -10/Subcaves | Shifting Twisted Machinery released Barrage Gun 2110 | -10/Subcaves | Core integrity fell below 50% 2127 | -10/Subcaves | Upgraded with Weapon slot (x1) 2166 | -10/Subcaves | A swath of the cavern ceiling suddenly collapsed 2230 | -10/Subcaves | Ambushed by angry Subdweller bent on revenge 2416 | -10/Subcaves | Build established: Gunner 2480 | -10/Subcaves | Discovered new exit (range 9) 2744 | -10/Subcaves | Build established: Scavenger-Gunner 3026 | -10/Subcaves | Discovered new exit (range 10) 3275 | -10/Subcaves | Build established: Derelict-Gunner 3829 | -10/Subcaves | Discovered new exit (range 15) 3832 | -10/Subcaves | Ambushed by angry Subdweller bent on revenge 3875 | -10/Subcaves | Learned Materials emergency access door positions 4001 | -10/Subcaves | Visited 4L-MR0's lab 4015 | -10/Subcaves | Upgraded with Utility slot (x1) 4020 | -10/Subcaves | Found Gun Armor 4022 | -10/Subcaves | Attached Gun Armor, gained temporary slots: Weapon x2 4303 | -10/Subcaves | Entered Recycling 4305 | -7/Recycling | Reached level 4 4403 | -7/Recycling | Upgraded with Propulsion slot (x1) 4411 | -7/Recycling | Upgraded with Utility slot (x1) 4441 | -7/Recycling | Core integrity fell below 20% 5000 | -7/Recycling | Discovered new exit (range 15) 5058 | -7/Recycling | Build established: Commander-Gunner 5337 | -7/Recycling | Reached level 5 6055 | -7/Recycling | Scanned before Scraplab entrance 6080 | -7/Recycling | Entered Scraplab 6091 | -7/Recycling | Discovered new exit (range 3) 6710 | -7/Recycling | Entered Scraptown 6710 | -7/Scraptown | Accompanied by 21 allies 6710 | -7/Scraptown | System corruption cleaned by C-Scrubber 6954 | -7/Scraptown | Discovered new exit (range 11) 6975 | -7/Scraptown | Scanned Subdweller tech in exchange for log data 6979 | -7/Scraptown | Learned Research terminal intel 7014 | -7/Scraptown | Visited Cyclists 7042 | -7/Scraptown | Visited Artisan Demo Area 7070 | -7/Scraptown | Heard Great Nut preacher, LISTEN AND RECITE! 7080 | -7/Scraptown | Visited UFD Registry 7080 | -7/Scraptown | Registered with UFD as "Armorsink" 7170 | -7/Scraptown | Upgraded with Power slot (x1) 7370 | -7/Scraptown | Visited Junk Repository 7564 | -7/Scraptown | Delivered Scrap Shield to a Scientist 7675 | -7/Scraptown | Visited Research Penetration Think Tank 7695 | -7/Scraptown | Visited Supply Room 7749 | -7/Scraptown | Visited Abandonware Association 7764 | -7/Scraptown | Learned abandonware demo "OVRCLOCK.EXE" 7809 | -7/Scraptown | Visited Scrapoid Pod Storage 7819 | -7/Scraptown | Found Scrapoid Pod 8369 | -7/Scraptown | Visited Observation Area 8390 | -7/Scraptown | Visited Awakened 8476 | -7/Scraptown | Visited Science Testing Area 8497 | -7/Scraptown | Visited Chapter 10 8533 | -7/Scraptown | Visited Scrapoid Research Area 8732 | -7/Scraptown | Discovered new exit (range 5) 9129 | -7/Scraptown | Entered Factory 9129 | -5/Factory | Accompanied by 21 allies 9131 | -5/Factory | Reached level 6 9162 | -5/Factory | Reached level 7 9223 | -5/Factory | Reached level 8 9384 | -5/Factory | Scrapoid Pod released 05F07-D (x5) 9464 | -5/Factory | Reached level 9 9500 | -5/Factory | Lost 3 allies 9596 | -5/Factory | Scrapoid reinforcements arrived 9694 | -5/Factory | Reached level 10 9729 | -5/Factory | First assault squad dispatched 9829 | -5/Factory | Reached level 11 9861 | -5/Factory | Lost 11 allies 9868 | -5/Factory | Reached level 12 9886 | -5/Factory | Upgraded with Utility slot (x1) 9907 | -5/Factory | Upgraded with Utility slot (x1) 9913 | -5/Factory | Upgraded with Propulsion slot (x1) 9931 | -5/Factory | Upgraded with Weapon slot (x1) 9932 | -5/Factory | Upgraded with Weapon slot (x1) 9983 | -5/Factory | Lost 3 allies 10005 | -5/Factory | Reached level 13 10096 | -5/Factory | Discovered new exit (range 7) 10099 | -5/Factory | Discovered new exit (range 15) 10145 | -5/Factory | Entered Upper Caves 10145 | -5/Upper Caves | Accompanied by 3 allies 10147 | -5/Upper Caves | UFD Scientist delivered a prototype 10147 | -5/Upper Caves | Reached level 14 10149 | -5/Upper Caves | Found Prototype Protection 10149 | -5/Upper Caves | Identified Enh. Scrap Shield 10189 | -5/Upper Caves | Build established: Scavenger-Gunner 10447 | -5/Upper Caves | Reached level 15 10467 | -5/Upper Caves | Upgraded with Utility slot (x1) 10740 | -5/Upper Caves | Discovered new exit (range 13) 11395 | -5/Upper Caves | Entered another Upper Caves area 11395 | -5/Upper Caves | Accompanied by 1 ally 11935 | -5/Upper Caves | Identified exit to Factory 12105 | -5/Upper Caves | Discovered new exit (range 12) 12263 | -5/Upper Caves | Entered Warlord 12263 | -5/Warlord | Accompanied by 1 ally 12265 | -5/Warlord | Reached level 16 12395 | -5/Warlord | Discovered new exit (range 8) 12682 | -5/Warlord | Rebuked by Warlord 12707 | -5/Warlord | Warlord's base attacked by MAIN.C 12856 | -5/Warlord | Found Prototype Special Weapon 12857 | -5/Warlord | Identified RU-N14's Throwing Claymores v3 13024 | -5/Warlord | Found Prototype Energy Gun 13024 | -5/Warlord | Identified Vortex Shotgun 13033 | -5/Warlord | Found Prototype Energy Gun 13033 | -5/Warlord | Identified Vortex Rifle 13036 | -5/Warlord | Found Vortex Rifle 13057 | -5/Warlord | Warlord forces counterattacked 13329 | -5/Warlord | Spotted Executioner 13333 | -5/Warlord | Destroyed Executioner 13366 | -5/Warlord | Spotted Striker 13369 | -5/Warlord | Spotted Executioner 13374 | -5/Warlord | Reached level 17 13381 | -5/Warlord | Lost 6 allies 13382 | -5/Warlord | Warlord base infiltrated, sounded retreat 13425 | -5/Warlord | Spotted Executioner 13431 | -5/Warlord | Spotted Striker 13437 | -5/Warlord | Destroyed Executioner 13462 | -5/Warlord | Destroyed 15 combat bots 13483 | -5/Warlord | Entered Proximity Caves 13483 | -4/Proximity Caves | Accompanied by 1 ally 13485 | -4/Proximity Caves | Reached level 18 13995 | -4/Proximity Caves | Learned location of Quarantine (-2) 14040 | -4/Proximity Caves | Reached level 19 14111 | -4/Proximity Caves | Found DCF Scrap (13 items) 14172 | -4/Proximity Caves | Discovered exit to Factory (range 10) 14546 | -4/Proximity Caves | Build established: Scavenger-Tank 14759 | -4/Proximity Caves | Entered Factory 14759 | -4/Factory | Accompanied by 1 ally 14761 | -4/Factory | Reached level 20 15279 | -4/Factory | Upgraded with Propulsion slot (x1) 15594 | -4/Factory | Reached level 21 15629 | -4/Factory | P-70 Sage assimilated allied Angel 4a 15817 | -4/Factory | Reached level 22 16260 | -4/Factory | Discovered new exit (range 12) 16275 | -4/Factory | Entered Extension 16277 | -4/Extension | Reached level 23 16497 | -4/Extension | Spotted B-86 Titan 16525 | -4/Extension | First assault squad dispatched 16545 | -4/Extension | Destroyed B-86 Titan 16572 | -4/Extension | Spotted B-86 Titan 16586 | -4/Extension | Destroyed B-86 Titan 16609 | -4/Extension | Reached level 24 16646 | -4/Extension | Destroyed 11 combat bots 16866 | -4/Extension | Rescued a captive Derelict 17013 | -4/Extension | Rescued a captive Derelict 17014 | -4/Extension | Rescued a captive Derelict 17090 | -4/Extension | Lost 3 allies 17135 | -4/Extension | Discovered new exit (range 10) 17137 | -4/Extension | Discovered new exit (range 6) 17345 | -4/Extension | Reached level 25 17351 | -4/Extension | Rescued A7 17809 | -4/Extension | Reached level 26 17886 | -4/Extension | Entered Cetus 17886 | -4/Cetus | Accompanied by 9 allies (A7) 17891 | -4/Cetus | Acquired a Cetus Manufacturing Module code from A7 17900 | -4/Cetus | Spotted Cetus Guard 17900 | -4/Cetus | Spotted Cetus Guard 17903 | -4/Cetus | Destroyed Cetus Guard 17904 | -4/Cetus | Spotted Cetus Guard 17907 | -4/Cetus | Spotted Cetus Guard 17912 | -4/Cetus | Allies destroyed Cetus Guard 17915 | -4/Cetus | Destroyed Cetus Guard 17918 | -4/Cetus | Allies destroyed Cetus Guard 17979 | -4/Cetus | Started Cetus Manufacturing Module 17997 | -4/Cetus | Discovered new exit (range 20) 18004 | -4/Cetus | Manufactured an Enhanced Grunt 18024 | -4/Cetus | Spotted Cetus Guard 18024 | -4/Cetus | Spotted Cetus Guard 18028 | -4/Cetus | Spotted Cetus Guard 18028 | -4/Cetus | Spotted Cetus Guard 18029 | -4/Cetus | Manufactured an Enhanced Grunt 18040 | -4/Cetus | Allies destroyed Cetus Guard 18042 | -4/Cetus | Destroyed Cetus Guard 18045 | -4/Cetus | Destroyed Cetus Guard 18047 | -4/Cetus | Allies destroyed Cetus Guard 18052 | -4/Cetus | Discovered new exit (range 20) 18054 | -4/Cetus | Manufactured an Enhanced Grunt 18064 | -4/Cetus | Met Revision 17 18079 | -4/Cetus | Manufactured an Enhanced Grunt 18104 | -4/Cetus | Manufactured an Enhanced Grunt 18170 | -4/Cetus | Entered Research 18170 | -3/Research | Accompanied by 12 allies (A7) 18171 | -3/Research | Loaded intel: 20 terminal locations 18172 | -3/Research | Reached level 27 18335 | -3/Research | Reached level 28 18370 | -3/Research | Revision forces began assault on 0b10 18457 | -3/Research | Scrapoid reinforcements arrived 18467 | -3/Research | Met up with Revision 17++ 18747 | -3/Research | Build established: Commander-Tank 18781 | -3/Research | Upgraded with Power slot (x1) 18870 | -3/Research | Research terminal network offline 19021 | -3/Research | Reached level 29 19188 | -3/Research | Discovered new exit (range 5) 19307 | -3/Research | Spotted Striker 19320 | -3/Research | Allies destroyed Striker 19355 | -3/Research | Lost 4 allies 19376 | -3/Research | Spotted Striker 19388 | -3/Research | Destroyed Striker 19413 | -3/Research | Lost 3 allies 19499 | -3/Research | Entered another Research area 19499 | -2/Research | Accompanied by 8 allies 19501 | -2/Research | Reached level 30 19622 | -2/Research | Build established: Scavenger-Tank 19664 | -2/Research | Reached level 31 19713 | -2/Research | Lost 4 allies 19749 | -2/Research | First assault squad dispatched 19850 | -2/Research | Lost 3 allies 19869 | -2/Research | Reached level 32 19885 | -2/Research | High security lockdown imminent 19917 | -2/Research | Destroyed 16 combat bots 19965 | -2/Research | High security lockdown engaged 20134 | -2/Research | Destroyed 12 combat bots 20145 | -2/Research | Spotted Executioner 20151 | -2/Research | Destroyed Executioner 20166 | -2/Research | Core integrity fell below 50% 20173 | -2/Research | Spotted Investigator 20174 | -2/Research | Scanned by Researcher 20175 | -2/Research | Destroyed Investigator 20226 | -2/Research | Spotted Striker 20238 | -2/Research | Reached level 33 20241 | -2/Research | Destroyed Striker 20247 | -2/Research | Core integrity fell below 20% 20273 | -2/Research | Destroyed 25 combat bots 20282 | -2/Research | Spotted Striker 20288 | -2/Research | System corruption reached 10% 20313 | -2/Research | Spotted Executioner 20317 | -2/Research | Spotted Striker 20320 | -2/Research | Spotted Striker 20320 | -2/Research | Spotted Executioner 20321 | -2/Research | Destroyed by Executioner with Helical Railgun Last Messages --------------- 20313_ P-80 Master knocked back. 20314_ P-80 Master resets P-80 Master, system corruption cleaned. 20316_ P-80 Master destroyed. 20317_ Acquired 18 matter. 20319_ Striker reactivates. 20319_ P-80 Master resets Striker, system corruption cleaned. 20319_ C-30 ARC knocked back. 20319_ C-30 ARC Arm. Wheel blasted off. 20320_ Acquired 5 matter. 20320_ Acquired 4 matter. 20320_ Acquired 9 matter. 20320_ C-30 ARC bursts open, deploying its payload. 20320_ P-80 Master unfolds itself. 20320_ Striker unfolds itself. 20320_ Executioner unfolds itself. 20320_ I-47 Archangel unfolds itself. 20320_ Penetrated by Slug. 20320_ Slug penetrates Wall. 20320_ Penetrated by Slug. 20320_ Slug penetrates Earth. Map ----- +----------------------------------------------------+ | ?? ??? ## #??????#%#????????????????????????????? | | ###############???#%#????????????????????????????? | | ^ !%[==*=!*#####!#????????????????/#??????????? | | %%*% ===##"##%#???????????????? ??????????? | | ^ !!=!%%%%%!==%#???????????????# ??????????? | | =*=!!=%#####!##??????????????# ??????????? | | ##########*"#"#####%/##?????????????# ??????????? | | ??????#?##%#[!![ %! !=#?????????????# ??????????? | | ???????# #*#[!=* ===*# #?????????? # S ? |#????? | | ??????# ##%# ! ###?????????? # ""? #????? | | ??????####%# #??????????? ?? "" #????? | | ##########%########"#"#???????###;+#? "" #????? | | [%! %%= %%%=#????#### #??????# #? ??????? | | %% %% #??????? ####### #? % ???????? | | % #????????#;;;;;;;# ###""#????????? | | % %# #??????#; ^ ##%"###??????? | | ######### ########### ^ %% [%="+???????? | | ????????# % # ##^ ;;;+""!%%##???????? | | ????????#% # #; i =| %%%"%%!"#???????? | | ????????# %% # #; pE*= !*%! !!=#????????? | | ????????#% % # ## ![%[[=|[*%%"[*!#????????? | | ????????# # ##K%m=/*i %/=["*% ##???????? | | ????????+ + ! ## p%;%*[ !%=% "!!"#???????? | | ????????# # ## pp #! =%%%=="%|##???????? | | ????????# # ##K%;## ==%%%%!%*%#????????? | | ????????#%% # ## @#?##=![%]/%%%[###??????? | | ????????#% ##########; #??###=%== %%=" #??????? | | ????????# K #???#=%%!["/!= #??????? | | ????????# pEi #???#[=%%!"%% #??????? | | ????????# ########## #???# !% !" !" #??????? | | ????????# #????????+ #??#" %!=!"""" #??????? | | ????????# #????????## #??#" = # ## #?????? | | ????????# #?????????# #??#" !%* ##"##?#" ????? | | ????????# #?????????# #??## # ??? ???? | | ????????# #?????????# #???# %# ??? ?? | | ????????# #?????????# #???# " ?? #? | | ????????# +?????????# #???# " ?? #? | | ????????# #?????????# #???# # ###?####? | | ????????# ??????????# #???# # #???????? | | ????????# ??????????# #???###"### #???????? | | ????????# ?????????? ????? ? #???????? | | ????????+ ?????????? ????? ? #???????? | | ????????# ?????????? ????? ?? ????????? | | ????????+ ?????????? ????? ?? ?????????? | | ????????#####??????????####????? #??#"#?????????? | | ??????????????????????????????????????"??????????? | | ?????????????????????????????????????????????????? | | ?????????????????????????????????????????????????? | | ?????????????????????????????????????????????????? | | ?????????????????????????????????????????????????? | +----------------------------------------------------+ Best States ------------- Heat Dissipation 139 Energy Generation 70 Energy Capacity 630 Matter Stores 450 Matter Capacity 450 Sight Range 20 Terrain Scan Density 10 Base Temperature (-) 100 Armor Coverage 1025 Resistance: KI 20 Resistance: TH 10 Weapon Cycling 20 Evasion (%) 55 Item Schematics ----------------- None Robot Schematics ------------------ None Fabricated ------------ Nothing Alien Tech Used ----------------- None Achievements -------------- Generalissimo We Are Legion Challenges ------------ None RPGLIKE | -11 -10 -10 -7 -7 -5 -5 -5 -5 -4 -4 -4 -4 -3 -2 --------- Run | Yrd Mat Sub Rec Scr Fac Upp Upp War Pro Fac Ext Cet Res Res Levels Raised 32 | . 1 1 2 . 8 2 . 2 2 3 4 . 3 4 XP Earned 51152 | 3000 2200 1600 2692 650 11963 2198 750 3345 1650 5661 4979 670 4492 5302 XP Spent 50655 | 2850 500 2100 2125 500 10705 4470 . 2250 3620 1400 5400 3300 4030 7405 Upgrades 104 | 7 1 3 7 1 15 9 . 4 14 1 5 2 10 25 Power Slot 2 | . . . . 1 . . . . . . . . 1 . Propulsion Slot 4 | 1 . . 1 . 1 . . . . 1 . . . . Utility Slot 6 | . 1 1 1 . 2 1 . . . . . . . . Weapon Slot 4 | 1 . 1 . . 2 . . . . . . . . . Core Integrity 34 | . . . 3 . . . . . 12 . . . . 19 Heat Dissipation 19 | . . . 2 . 3 7 . . . . . . 3 4 Energy Generation 2 | . . . . . . . . . . . . . . 2 Matter Storage 3 | . . . . . 3 . . . . . . . . . Mass Support 3 | 1 . . . . 1 . . 1 . . . . . . Inventory Capacity 3 | 1 . 1 . . . . . 1 . . . . . . Sight Range 4 | . . . . . . . . 2 . . 2 . . . Ranged Accuracy 14 | 3 . . . . 3 1 . . 2 . 3 2 . . KI Resistance % 4 | . . . . . . . . . . . . . 4 . TH Resistance % 2 | . . . . . . . . . . . . . 2 . Protomatter Created 3174 | . 236 314 105 . 88 95 . 168 32 419 401 43 323 950 Integrity Restored 7482 | . 493 779 315 . 1083 301 . 108 96 1065 1462 363 787 630 Core 5188 | . 380 752 315 . 476 197 . 108 96 691 999 188 428 558 Parts 2294 | . 113 27 . . 607 104 . . . 374 463 175 359 72 Protomatter Decayed 5227 | . 34 78 . . 324 88 . 596 . 14 233 83 3527 250 Game ------ Seed SigixBombardmentTrap Manual? 0 Play Time 03:08:36 Cumulative 91.5 hours Start 2024.10.10 @ 23:32:13 End 2024.10.11 @ 02:48:47 Sessions 1 Manual Loads 0 Difficulty Rogue Special Mode Winter2019/RPGLIKE Game No. 40 Rogue 36 Adventurer 4 Explorer 0 Win Type - Total 1 Types 1/0/0/0/0/0/0/0/0 Lore% 48 Gallery% 45 Achievement% 46 Wizard Run 0 Options --------- Layout 0 ASCII 0 Keyboard 0 Movement Arrows Keybinds 0 Fullscreen 2 Font 32/SmallcapsGlow Map View 88x55 Zoom Use 0% Tactical HUD 1 Map Filters NONE Filters NONE Steam 1 RUN: 97b52fc4-6346-4efe-a002-5e44d351b3ff